 Dungeon Crawl Stone Soup version 0.30-a0-585-g93115170b9 (webtiles) character file.

Game seed: 14757360191382137832

11034 OTABOTABOTAB the Devastator (level 11, -10/54 HPs)
             Began as a Deep Elf Conjurer on Jan 1, 2023.
             Was a Follower of Vehumet.
             Shot with a bolt by an orc knight (18 damage)
             ... on level 2 of the Orcish Mines on Jan 2, 2023.
             The game lasted 00:33:04 (13295 turns).

OTABOTABOTAB the Devastator (Deep Elf Conjurer)    Turns: 13295, Time: 00:33:04

Health: -10/54     AC:  7    Str:  4    XL:     11   Next: 44%
Magic:  26/30      EV: 13    Int: 28    God:    Vehumet [*.....]
Gold:   685        SH:  0    Dex: 19    Spells: 26/37 levels left

rFire   . . .      SeeInvis .    o - staff of conjuration
rCold   . . .      Faith    .    (no shield)
rNeg    . . .      Spirit   .    a - +0 robe
rPois   .          Reflect  .    g - +2 helmet
rElec   .          Harm     .    f - +1 cloak
rCorr   .          Rampage  .    (no gloves)
Will    +....                    (no boots)
Stlth   ++                       (no amulet)
HPRegen 0.29/turn                j - +6 ring of dexterity
MPRegen 0.22/turn                Z - ring of wizardry {Wiz+, !d}

@: invisible
A: no striking features
a: Renounce Religion


You were on level 2 of the Orcish Mines.
You worshipped Vehumet.
Vehumet was aware of your devotion.
You visited 3 branches of the dungeon, and saw 13 of its levels.

You collected 685 gold pieces.

Inventory:

Missiles
 e - 4 javelins
 s - 12 stones
Armour
 a - a +0 robe (worn)
 f - a +1 cloak (worn)
   (You found it on level 2 of the Dungeon)
 g - a +2 helmet (worn)
   (You found it on level 1 of the Dungeon)
Magical Staves
 o - a staff of conjuration (weapon)
   (You acquired it on level 7 of the Dungeon)
 x - a staff of earth
   (You acquired it on level 7 of the Dungeon)
 C - a staff of fire {rF+}
   (You found it on level 1 of the Dungeon)
Jewellery
 c - a ring of ice {rC+, rF-}
   (You found it on level 10 of the Dungeon)
 j - a +6 ring of dexterity (left hand)
   (You found it on level 1 of the Dungeon)
 F - a ring of protection from fire {rF+, !d}
   (You took it off a hobgoblin on level 3 of the Dungeon)
 Z - a ring of wizardry (right hand) {Wiz+, !d}
   (You found it on level 3 of the Dungeon)
Wands
 d - a wand of digging (6)
   (You found it on level 4 of the Dungeon)
 h - a wand of acid (6)
   (You found it on level 10 of the Dungeon)
 i - a wand of iceblast (8)
   (You took it off Maggie on level 6 of the Dungeon)
 y - a wand of mindburst (15)
   (You took it off a gnoll on level 7 of the Dungeon)
Scrolls
 b - a scroll of poison {!r}
 l - 2 scrolls of amnesia
 m - a scroll of fog
 n - a scroll of silence {unknown}
 D - 2 scrolls of blinking {!r}
 S - a scroll of summoning
 V - a scroll of vulnerability {!r!r}
 Y - 4 scrolls of teleportation {@r3}
Potions
 k - 5 potions of might {unknown}
 v - a potion of brilliance
 w - a potion of ambrosia {unknown}
 E - 13 potions of degeneration {!q}
 H - 2 potions of haste
 J - 8 potions of curing {@q1}
 L - a potion of flight
 P - a potion of lignification {!q}
 U - 2 potions of mutation {!q}


   Skills:
 - Level 2.4 Dodging
 - Level 2.4 Stealth
 + Level 13.6 Spellcasting
 * Level 16.1 Conjurations
 - Level 3.0 Hexes
 - Level 3.0 Translocations


You had 26 spell levels left.
You knew the following spells:

 Your Spells              Type           Power      Damage    Failure   Level
a - Magic Dart            Conj           100%       1d8       0%          1
b - Searing Ray           Conj           100%       2d8       0%          2
c - Fulminant Prism       Conj/Hex       41%        3d19      1%          4
x - Iskenderun's Mystic   Conj/Tloc      83%        2d16      1%          4

Your spell library contained the following spells:

 Spells                   Type           Power      Damage    Failure   Level
 Shock                    Conj/Air       100%       1d9       1%          1
 Beastly Appendage        Tmut           38%        N/A       1%          1
 Slow                     Hex            100%       N/A       1%          1
 Summon Small Mammal      Summ           76%        N/A       1%          1
 Wereblood                Tmut           19%        N/A       1%          2
 Confusing Touch          Hex            35%        N/A       1%          3
 Dazzling Flash           Conj/Hex       100%       N/A       1%          3
 Gell's Gravitas          Tloc           35%        N/A       1%          3
 Summon Guardian Golem    Hex/Summ       27%        N/A       1%          3
 Teleport Other           Tloc           35%        N/A       1%          3
 Lightning Bolt           Conj/Air       38%        1d57      1%          5
 Call Canine Familiar     Summ           19%        N/A       3%          3
 Frozen Ramparts          Ice            38%        1d6       3%          3
 Spider Form              Tmut/Pois      19%        N/A       3%          3
 Vampiric Draining        Necr           19%        2d7       3%          3
 Airstrike                Air            9%         2d(2-18)  12%         4
 Ice Form                 Ice/Tmut       19%        N/A       12%         4
 Summon Ice Beast         Ice/Summ       19%        N/A       12%         4
 Summon Lightning Spire   Summ/Air       19%        N/A       12%         4
 Dispersal                Tloc           17%        N/A       43%         6


Dungeon Overview and Level Annotations

Branches:
Dungeon (10/15)            Temple (1/1) D:6            Lair (0/5) D:10
    Orc (2/2) D:10
    Elf: Orc:2

Altars:
Ashenzari
Cheibriados
Dithmenos
Elyvilon
Fedhas
Gozag
Hepliaklqana
Kikubaaqudgha
Makhleb
Nemelex Xobeh
Okawaru
Qazlal
Ru
Sif Muna
Trog
Uskayaw
Vehumet
Wu Jian
Xom
Yredelemnul
Zin
The Shining One

Shops:
D:7 ([   D:8 :


Message History

The centaur shoots an arrow.
The arrow hits you.
The blast of energy engulfs the centaur!!
You kill the centaur!
Vehumet accepts your kill.
You feel your power returning.
The blast of energy engulfs the centaur!!
You kill the centaur!
Vehumet accepts your kill.
The blast of energy engulfs the orc sorcerer!!
You kill the orc sorcerer!
Vehumet accepts your kill.
You feel your power returning.
You hear a shout! x8
Your life force feels restored.
Your Conjurations skill increases to level 16!
You take 2 damage, and have 38/54 hp.
You regained 3 mp, and now have 25/30 mp.
You start resting.
An orc comes into view. It is wielding a +0 arbalest.
You regained 2 hp, and now have 40/54 hp.
You regained 2 mp, and now have 27/30 mp.
You feel a surge of power!
You conjure a prism of explosive energy!
The orc shouts!
A fulminant prism comes into view.
The orc shoots a bolt.
The bolt hits your fulminant prism.
You hear a shout! x2
You now have 23/30 mp.
The orc shoots a bolt.
The bolt hits your fulminant prism.
Your fulminant prism crackles loudly.
The blast of energy engulfs the orc!!
You kill the orc!
Vehumet accepts your kill.
You feel your power returning.
You hear a shout! x6
An orc warrior comes into view. It is wielding a +0 arbalest. x2
The orc warrior shoots a bolt.
The bolt hits you!
Things that are here:
a +0 dagger; a +0 robe You take 9 damage, and have 34/54 hp.
You feel a surge of power!
You conjure a prism of explosive energy!
The orc warrior shouts!
A fulminant prism comes into view.
The orc warrior shoots a bolt.
The bolt hits you.
The orc warrior shoots a bolt.
The bolt barely misses you.
You take 6 damage, and have 28/54 hp.
You now have 23/30 mp.
The orc warrior shoots a bolt.
The bolt misses you.
The orc warrior shoots a bolt.
The bolt closely misses you.
Your fulminant prism crackles loudly.
The blast of energy engulfs the orc warrior!!!
You kill the orc warrior!
Vehumet accepts your kill.
The blast of energy engulfs the orc warrior!!
You hear a shout! x6
You feel a surge of power!
You conjure a prism of explosive energy!
A fulminant prism comes into view.
The orc warrior shoots a bolt.
The bolt hits your fulminant prism!
You now have 19/30 mp.
The orc warrior shoots a bolt.
The bolt hits your fulminant prism!
Your fulminant prism crackles loudly.
There is a stone staircase leading up, spattered with blood here.
Okay, then.
You hear a shout! x3
An orc knight comes into view. It is wielding a +0 arbalest.
You climb upwards.
There is a stone staircase leading down here.
You start resting.
Health restored: 54; MP restored: 30 You climb downwards.
The orc knight curses noisily.
The orc knight roars a battlecry!
The orc warrior shoots a bolt.
The bolt hits you!
The orc knight roars a battlecry!
There is a stone staircase leading up, spattered with blood here.
You take 10 damage, and have 44/54 hp.
You feel a surge of power!
You conjure a prism of explosive energy!
A fulminant prism comes into view.
The orc knight roars a battlecry!
You hear a shout! x3
You now have 26/30 mp.
The orc knight shoots a bolt.
The bolt hits you!!
Your fulminant prism crackles loudly.
The orc warrior shoots a bolt.
The bolt hits you!
* * * LOW HITPOINT WARNING * * *
You hear a shout!
You take 37 damage, and have 8/54 hp.
MASSIVE DAMAGE!!
Okay, then.
You fade into invisibility!
The orc knight shoots a bolt.
The bolt barely misses you.
The blast of energy engulfs the orc warrior!!
You kill the orc warrior!
Vehumet accepts your kill.
The blast of energy engulfs the orc knight!!!
You hear a shout! x2
The orc knight shoots a bolt.
The bolt hits you!!
You die...

### ##.## #...#
#...## ##....##
#..@...#
##......##
#......[.#
#..............
#..............
........).....$.
.......).)o......
........)........
.................


You could see an orc knight (unable to see you).

Vanquished Creatures
  Erolcha (D:9)
  A two-headed ogre (D:9)
  An orc sorcerer (Orc:2)
  Maggie (D:6)
  Psyche (D:8)
  A rime drake (D:10)
  A polar bear (D:10)
  Prince Ribbit (D:6)
  A hornet (D:9)
  A wraith (D:7)
  A shadow (D:10)
  14 yaks
  Menkaure (D:6)
  A water moccasin (D:6)
  A swamp drake (D:10)
  6 orc warriors
  6 ice beasts
  A sky beast (D:6)
  2 wolves (D:10)
  3 ogres
  6 centaurs
  A phantom (D:5)
  4 kobold brigands
  A bullfrog (D:9)
  4 necrophages
  4 gnoll sergeants
  4 scorpions
  16 killer bees
  A quasit (D:6)
  4 jellies
  3 gnoll boudas
  3 orc priests
  4 hounds
  4 iguanas
  13 orc wizards
  Robin (D:4)
  28 gnolls
  3 adders
  3 shadow imps (D:6)
  5 white imps
  3 ufetubi
  2 worms (D:6)
  A dart slug (D:2)
  49 orcs
  2 bats
  6 endoplasms
  3 giant cockroaches
  16 goblins
  10 hobgoblins
  6 quokkas
  9 ball pythons
  2 frilled lizards
  19 kobolds
  7 rats
  2 fulminant prisms
295 creatures vanquished.

Vanquished Creatures (others)
  5 demonic plants (D:6)
  78 fulminant prisms
  11 plants (D:7)
94 creatures vanquished.

Grand Total: 389 creatures vanquished

Notes
Turn   | Place    | Note
-------+----------+-------------------------------------------
     0 | D:1      | OTABOTABOTAB the Deep Elf Conjurer began the quest for the
                  | Orb.
     0 | D:1      | Reached XP level 1. HP: 10/10 MP: 6/6
   319 | D:1      | Reached XP level 2. HP: 15/15 MP: 6/8
   573 | D:1      | Reached skill level 5 in Conjurations
   670 | D:1      | Learned a level 2 spell: Searing Ray
  1059 | D:2      | Found a faded altar of an unknown god.
  1175 | D:2      | Reached XP level 3. HP: 19/19 MP: 7/10
  1445 | D:2      | Reached skill level 4 in Spellcasting
  2042 | D:3      | Reached XP level 4. HP: 24/24 MP: 6/12
  2047 | D:3      | Learned a level 4 spell: Fulminant Prism
  2052 | D:3      | Learned a level 4 spell: Iskenderun's Mystic Blast
  2329 | D:3      | Reached skill level 6 in Conjurations
  2337 | D:3      | Reached skill level 1 in Hexes
  2337 | D:3      | Reached XP level 5. HP: 28/28 MP: 1/13
  2608 | D:3      | Noticed an ogre
  2637 | D:3      | Killed an ogre
  2638 | D:3      | Reached skill level 2 in Hexes
  2638 | D:3      | Reached skill level 1 in Translocations
  3258 | D:4      | Reached skill level 5 in Spellcasting
  3258 | D:4      | Reached XP level 6. HP: 32/32 MP: 8/15
  3614 | D:4      | Reached skill level 2 in Translocations
  3836 | D:4      | Reached skill level 7 in Conjurations
  4085 | D:4      | Reached skill level 3 in Hexes
  4170 | D:4      | Found an ornate altar of the Wu Jian Council.
  4194 | D:4      | Noticed Robin
  4205 | D:4      | Killed Robin
  4428 | D:5      | Entered Level 5 of the Dungeon
  4435 | D:5      | Reached XP level 7. HP: 36/36 MP: 11/17
  4586 | D:5      | Reached skill level 3 in Translocations
  4706 | D:5      | Reached skill level 6 in Spellcasting
  4760 | D:5      | Reached skill level 8 in Conjurations
  5272 | D:5      | Reached XP level 8. HP: 40/41 MP: 10/20
  5287 | D:5      | Reached skill level 7 in Spellcasting
  5296 | D:5      | Reached skill level 9 in Conjurations
  5433 | D:5      | Found a burning altar of Makhleb.
  5737 | D:6      | Noticed Prince Ribbit
  5866 | D:6      | Killed Prince Ribbit
  6073 | D:6      | Noticed Maggie
  6084 | D:6      | HP: 6/41 [spore (17)]
  6084 | D:6      | Killed Maggie
  6085 | D:6      | Reached skill level 8 in Spellcasting
  6085 | D:6      | Reached skill level 10 in Conjurations
  6085 | D:6      | HP: 1/41 [white imp/puff of frost (5)]
  6477 | D:6      | Reached XP level 9. HP: 45/45 MP: 17/23
  6509 | D:6      | Found a staircase to the Ecumenical Temple.
  6520 | Temple   | Entered the Ecumenical Temple
  6773 | D:6      | Reached skill level 9 in Spellcasting
  6773 | D:6      | Reached skill level 11 in Conjurations
  6896 | D:6      | Found a sacrificial altar of Ru.
  7028 | D:6      | Noticed Menkaure
  7034 | D:6      | Killed Menkaure
  7792 | D:7      | Reached skill level 12 in Conjurations
  7991 | D:7      | Found Cagenk's Armour Shoppe.
  8032 | D:7      | Reached skill level 10 in Spellcasting
  8293 | D:7      | Found Wufugom's Weapon Boutique.
  8638 | D:7      | Identified 2 scrolls of acquirement
  8638 | D:7      | Acquired a staff of conjuration
  8641 | D:7      | Acquired a staff of earth
  8930 | D:8      | Noticed Psyche
  8998 | D:8      | Killed Psyche
  9030 | D:8      | Reached skill level 13 in Conjurations
  9253 | D:8      | Reached XP level 10. HP: 50/50 MP: 21/26
  9439 | D:8      | Reached skill level 11 in Spellcasting
  9815 | D:8      | Found Uhuol's Book Emporium.
  9950 | D:8      | Found a white marble altar of Elyvilon.
  9950 | D:8      | Found a broken altar of Ashenzari.
 10123 | D:8      | Found a sparkling altar of Nemelex Xobeh.
 10315 | D:9      | Noticed Erolcha
 10324 | D:9      | Killed Erolcha
 10325 | D:9      | Found a glowing silver altar of Zin.
 10479 | D:9      | Reached skill level 14 in Conjurations
 10521 | D:9      | Identified the +2 ring mail of Gozag's Generosity {rF+ rN+}
 10576 | D:9      | Found a radiant altar of Vehumet.
 10590 | D:9      | Became a worshipper of Vehumet
 10713 | D:9      | Identified the +9 dagger "Angaluis" {flame, SInv}
 10753 | D:9      | Reached skill level 12 in Spellcasting
 10934 | D:9      | Noticed a two-headed ogre
 10944 | D:9      | Killed a two-headed ogre
 11523 | D:10     | Entered Level 10 of the Dungeon
 11572 | D:10     | Reached skill level 15 in Conjurations
 11573 | D:10     | Reached XP level 11. HP: 54/54 MP: 3/29
 11737 | D:10     | Reached * piety under Vehumet
 11737 | D:10     | Offered knowledge of Shock by Vehumet.
 11818 | D:10     | Reached skill level 13 in Spellcasting
 11931 | D:10     | Found a staircase to the Lair.
 12228 | D:10     | Found a staircase to the Orcish Mines.
 12956 | Orc:1    | Entered Level 1 of the Orcish Mines
 13039 | Orc:2    | Entered Level 2 of the Orcish Mines
 13041 | Orc:2    | Noticed an orc sorcerer
 13050 | Orc:2    | Noticed a soul eater
 13051 | Orc:2    | Noticed a sixfirhy
 13181 | Orc:2    | Killed an orc sorcerer
 13182 | Orc:2    | Reached skill level 16 in Conjurations
 13207 | Orc:2    | Noticed an orc knight
 13293 | Orc:2    | HP: 8/54 [orc warrior/bolt (13)]
 13295 | Orc:2    | Shot with a bolt by an orc knight

Illustrated notes

Levels and vault maps discovered:
D:1:      ncdulo_smallfort, layout_loops_ring, minmay_tree_intersection
D:2:      layout_basic, dreamdust_ecumenical_altar_angels_and_demons,
          kennysheep_generic_room_13
D:3:      layout_basic
D:4:      layout_gridville, pdpol_wu_jian_five_deadly_venoms, feat_on_display,
          uniq_robin
D:5:      layout_loops_ring, kennysheep_little_box, nicolae_ossuary_entry_ruins,
          minivault_25
D:6:      layout_loops_cross, nicolae_ru_the_path_less_chosen,
          minmay_temple_entry_drinking_statues, serial_demonic,
          serial_demonic_a, serial_demonic_g, serial_demonic_f,
          serial_demonic_d, serial_demonic_g, serial_demonic_b,
          cheibrodos_sewer_entry_bend, uniq_prince_ribbit1, uniq_maggie,
          uniq_menkaure
D:7:      layout_loops_cross, serial_shops, nicolae_shop_advertising_works
          [nicolae_subvault_shop_adworks], nicolae_shop_behind_doors,
          nicolae_grassy_gnolls
D:8:      layout_gridville, lemuel_crystal_altar,
          gammafunk_temple_overflow_elements, serial_shops, shop, uniq_psyche
D:9:      layout_roguey, mainiacjoe_overflow_chevrons, old_standard_altar,
          uniq_erolcha
D:10:     layout_basic, hellmonk_lair_entry_icy, erik_orc_1
Temple:   compressed_dpeg_circular_temple
Orc:1:    layout_diamond_mine
Orc:2:    st_orc_rangers, layout_caves, uniq_urug

Skill      XL: |  1  2  3  4  5  6  7  8  9 10 11 |
---------------+----------------------------------+-----
Conjurations   | 5 6 7 8 10 13 15 16 | 16.1
Spellcasting   | 4 5 6 8 10 12 13 | 13.6
Hexes          | 1 2 3 |  3.0
Translocations | 1 2 3 |  3.0
Dodging        | |  2.4
Stealth        | |  2.4

Action                   |  1- 3 |  4- 6 |  7- 9 | 10-12 || total
-------------------------+-------+-------+-------+-------++-------
Melee: Dagger            |     3 |       |       |       ||     3
       Staff             |       |     7 |     2 |     3 ||    12
 Cast: Magic Dart        |    56 |    65 |    95 |    57 ||   273
       Searing Ray       |     2 |    12 |    34 |    19 ||    67
       Fulminant Prism   |       |     6 |    35 |    39 ||    80
       Iskenderun's Myst |       |     2 |    24 |    30 ||    56
  Use: Potion            |       |       |     1 |     2 ||     3
       Scroll            |       |       |     2 |    18 ||    20
Armor: Robe              |       |     5 |     8 |    11 ||    24
Dodge: Dodged            |     2 |    10 |    34 |    35 ||    81

Table legend: (Time is in decaauts)
 A = Elapsed time spent in this place.
 B = Non-inter-level travel time spent in this place.
 C = Inter-level travel time spent in this place.
 D = Time resting spent in this place.
 E = Time spent auto-exploring this place.
 F = Levels seen in this place.
 G = Mean time per level.
                   A        B        C        D        E       F      G
               +--------+--------+--------+--------+--------+-----+--------+
         Total |  13311 |  12976 |    335 |   1735 |   9780 |  13 | 1023.9 |
       Dungeon |  12887 |  12561 |    326 |   1518 |   9662 |  10 | 1288.7 |
        Temple |     83 |     75 |      8 |      0 |     63 |   1 |   83.0 |
  Orcish Mines |    340 |    340 |      0 |    217 |     55 |   2 |  170.0 |
               +--------+--------+--------+--------+--------+-----+--------+

Top non-repeatable levels by time:
     D:8: 1572 daAuts
     D:5: 1549 daAuts
     D:6: 1397 daAuts
     D:9: 1382 daAuts
    D:10: 1303 daAuts
     D:4: 1287 daAuts
     D:3: 1234 daAuts
     D:7: 1143 daAuts
     D:2: 1051 daAuts
     D:1: 965 daAuts
   Orc:1: 292 daAuts
  Temple: 83 daAuts
   Orc:2: 47 daAuts

Table legend:
 A = Kills in this place as a percentage of kills in entire the game.
 B = Kills by you in this place as a percentage of kills by you in the entire game.
 C = Kills by friends in this place as a percentage of kills by friends in the entire game.
 D = Other kills in this place as a percentage of other kills in the entire game.
 E = Experience gained in this place as a percentage of experience gained in the entire game.
 F = Experience gained in this place divided by the number of levels of this place that you have seen.
                   A       B       C       D       E      F
               +-------+-------+-------+-------+-------+----------------------
         Total | 100.0 | 100.0 |   N/A |   N/A | 100.0 | 1212.5
       Dungeon |  95.6 |  95.6 |   N/A |   N/A |  91.6 | 1444.4
  Orcish Mines |   4.4 |   4.4 |   N/A |   N/A |   8.4 | 659.5
               +-------+-------+-------+-------+-------+----------------------
